 Dungeon Crawl Stone Soup version 0.25-a0-591-g2ad0d861f1 (webtiles) character file.

Game seed: 15522871413864314730, levelgen mode: deterministic

18 Eurus the Grasshopper (level 2, -1/22 HPs)
             Began as a Demonspawn Warper on Mar 14, 2020.
             Killed from afar by a dart slug (3 damage)
             ... with a slug dart
             ... on level 1 of the Dungeon.
             The game lasted 00:02:29 (745 turns).

Eurus the Grasshopper (Demonspawn Warper)            Turns: 745, Time: 00:02:30

Health: -1/22      AC: 11    Str: 11    XL:     2   Next: 48%
Magic:  5/5        EV: 11    Int: 14    God:
Gold:   30         SH:  0    Dex: 12    Spells: 3/5 levels left

rFire    . . .     SeeInvis .     - Unarmed
rCold    . . .     Gourm    .   (no shield)
rNeg     . . .     Faith    .   a - +0 leather armour
rPois    .         Spirit   .   k - +1 helmet
rElec    .         Reflect  .   (no cloak)
rCorr    .         Harm     .   (no gloves)
MR       .....                  (no boots)
Stlth    +.........             (no amulet)
HPRegen  0.07/turn              (no ring)
MPRegen  0.09/turn              (no ring)

@: sanguine armour
A: sanguine armour 1
a: no special abilities


You were on level 1 of the Dungeon.
You were not hungry.

You visited 1 branch of the dungeon, and saw 1 of its levels.

You collected 30 gold pieces.

Inventory:

Missiles
 d - 5 boomerangs of dispersal (quivered)
Armour
 a - a +0 leather armour (worn)
 k - a +1 helmet (worn)
Jewellery
 l - an uncursed ring of protection from magic {unknown}
Scrolls
 b - 2 scrolls of fog {unknown}
 c - a scroll of blinking
 e - a scroll of amnesia {unknown}
 h - a scroll of random uselessness {unknown}
 j - a scroll of enchant armour {unknown}
 m - a scroll of teleportation {unknown}
Potions
 i - 2 potions of heal wounds {unknown}
 n - a potion of haste {unknown}
Comestibles
 f - 4 rations
 g - 5 chunks of flesh


   Skills:
 - Level 2.0 Fighting
 - Level 1.0 Throwing
 - Level 0.8 Armour
 - Level 1.7 Dodging
 + Level 2.3 Unarmed Combat
 + Level 2.4 Spellcasting
 + Level 2.7 Translocations


You had 3 spell levels left.
You knew the following spells:

 Your Spells              Type           Power        Failure   Level  Hunger
a - Blink                 Tloc           N/A          14%         2    ###....

Your spell library contained the following spells:

 Spells                   Type           Power        Failure   Level  Hunger
 Shroud of Golubria       Chrm/Tloc      #.....       26%         2    ###....
 Gell's Gravitas          Tloc           #.........   28%         3    ###....
 Lesser Beckoning         Tloc           #.........   28%         3    ###....
 Teleport Other           Tloc           #.......     28%         3    ###....
 Passage of Golubria      Tloc           N/A          67%         4    #####..


Dungeon Overview and Level Annotations

Branches:
Dungeon (1/15)

Altars:
Ashenzari


Innate Abilities, Weirdness & Mutations

When seriously injured, your bleeding wounds create armour. (AC +6)


Message History

The leopard gecko is severely wounded.
The leopard gecko hisses menacingly.
The leopard gecko misses you.
You hit the leopard gecko but do no damage.
The leopard gecko is severely wounded.
The leopard gecko closely misses you.
You closely miss the leopard gecko.
The leopard gecko is severely wounded.
The leopard gecko barely misses you.
You closely miss the leopard gecko.
The leopard gecko is severely wounded.
The leopard gecko closely misses you.
You hit the leopard gecko.
You kill the leopard gecko!
The dart slug launches a dart at you.
The slug dart hits you but does no damage.
You hit the dart slug but do no damage. The dart slug launches a dart at you.
The slug dart hits you.
You die...

#. #....%....#............... #.
#.........#.......########
#.##.........#.......# #
#.##.........#.......######## ###
#...........)................
#.###.......#########.....#######
............# #.....#######
...##.......#########.....##.....
...##>.......)÷.@wb.......##..<..
...†........######...####.##.....
..###.......# #...# #.####### ..#
#.......# #...# #.####### .g#
##......# #...# #........ ..#
#......######...# #........ ..#
#)..........#...# #.#######
#.########.......##### #.#######
.................# #........


You could see a dart slug and a bat.

Vanquished Creatures
  A leopard gecko (D:1)
  2 giant cockroaches (D:1)
  2 goblins (D:1)
  2 hobgoblins (D:1)
  2 jackals (D:1)
  2 kobolds (D:1)
  3 frilled lizards (D:1)
  A rat (D:1)
15 creatures vanquished.

Notes
Turn   | Place    | Note
-------+----------+-------------------------------------------
     0 | D:1      | Eurus the Demonspawn Warper began the quest for the Orb.
     0 | D:1      | Reached XP level 1. HP: 16/16 MP: 3/3
   155 | D:1      | Reached skill level 1 in Throwing
   516 | D:1      | Found a shattered altar of Ashenzari.
   583 | D:1      | Gained mutation: When seriously injured, your bleeding
                  | wounds create armour. (AC +6) [demonic ancestry]
   583 | D:1      | Reached XP level 2. HP: 20/22 MP: 5/5
   622 | D:1      | Learned a level 2 spell: Blink
   738 | D:1      | HP: 1/22 [leopard gecko (2)]
   745 | D:1      | Killed from afar by a dart slug

Levels and vault maps discovered:
D:1:      dpeg_arrival_rooms_a, layout_basic, wad_floor_pattern_untrapped,
          ashenzari_altar_1

Skill      XL: |  1 |
---------------+----+-----
Throwing       | 1 |  1.0
Unarmed Combat | 2 |  2.3
Fighting       | |  2.0
Armour         | |  0.8
Dodging        | |  1.7
Spellcasting   | |  2.4
Translocations | |  2.7

Action                   || total
-------------------------++-------
Melee: Unarmed           ||    85
Armor: Leather armour    ||    34
Dodge: Dodged            ||    59

Table legend:
 A = Non-vault XP
 B = Vault XP
 C = Vault XP percentage of total XP
 D = Non-vault monster count
 E = Vault monster count
 F = Vault count percentage of total count
                 A         B        C        D         E       F
            +---------+---------+-------+---------+---------+-------
      Total |      26 |       0 |   0.0 |      15 |       0 |   0.0
            +---------+---------+-------+---------+---------+-------
        D:1 |      26 |       0 |   0.0 |      15 |       0 |   0.0
            +---------+---------+-------+---------+---------+-------
